 Dungeon Crawl Stone Soup version 0.31.0-12-g77e489cdc1 (webtiles) character file.

Game seed: 3997045744896219441

97 Marvel the Cudgeller (level 4, -6/42 HPs)
             Began as a Troll Warper on Feb 15, 2024.
             Was a Follower of Wu Jian.
             Succumbed to a gnoll's poison
             ... on level 2 of the Dungeon.
             The game lasted 00:03:47 (2168 turns).

Marvel the Cudgeller (Troll Warper)                 Turns: 2168, Time: 00:03:48

Health: -6/42      AC:  4    Str: 21    XL:     4   Next: 42%
Magic:  4/4        EV: 10    Int:  9    God:    Wu Jian [*.....]
Gold:   99         SH:  0    Dex:  9    Spells: 3/5 levels left

rFire   . . .        a - +0 mace
rCold   . . .        (no shield)
rNeg    . . .        b - +0 robe
rPois   .            (helmet restricted)
rElec   .            (no cloak)
rCorr   .            (gloves unavailable)
SInv    .            (boots unavailable)
Will    .....        (no amulet)
Stlth   +            (no ring)
HPRegen 1.07/turn    (no ring)
MPRegen 0.09/turn

%: no passive effects
@: lethally poisoned (-6 -> -36)
A: large, unfitting armour, claws 3, regeneration 1, shaggy fur 1, tough skin 1
a: Renounce Religion


You were on level 2 of the Dungeon.
You worshipped Wu Jian.
Wu Jian was aware of your devotion.
You visited 1 branch of the dungeon, and saw 3 of its levels.

You collected 99 gold pieces.

Inventory:

Hand Weapons
 a - a +0 mace (weapon)
Missiles
 d - 6 darts of dispersal (quivered)
 j - 2 curare-tipped darts
Armour
 b - a +0 robe (worn)
Jewellery
 k - a +4 ring of slaying
Talismans
 c - a flux talisman
 i - a serpent talisman
Scrolls
 e - 7 scrolls of identify {unknown}
 m - a scroll of poison {unknown}
 n - a scroll of revelation {unknown}
Potions
 h - a potion of attraction {unknown}
 l - a potion of haste {unknown}


   Skills:
 + Level 2.0 Fighting
 + Level 3.1 Maces & Flails
 + Level 1.0 Throwing
 + Level 2.4 Dodging
 + Level 0.3 Stealth
 + Level 1.2 Spellcasting
 + Level 2.3 Translocations


You had 3 spell levels left.
You knew the following spells:

 Your Spells              Type           Power      Damage    Failure   Level
a - Blink                 Tloc           8%         N/A       21%         2

Your spell library contained the following spells:

 Spells                   Type           Power      Damage    Failure   Level
 Lesser Beckoning         Tloc           8%         N/A       21%         2
 Teleport Other           Tloc           4%         N/A       38%         3
 Ensorcelled Hibernation  Hex/Ice        0%         N/A       50%         2
 Passwall                 Erth           0%         N/A       73%         3
 Swiftness                Air            0%         N/A       73%         3
 Manifold Assault         Tloc           4%         N/A       80%         4
 Vhi's Electric Charge    Tloc/Air       4%         N/A       91%         4


Dungeon Overview and Level Annotations

Branches:
Dungeon (3/15)

Altars:
Wu Jian

Shops:
D:2 [


Innate Abilities, Weirdness & Mutations

You are too large for most types of armour.
You have claws for hands.
Your natural rate of healing is unusually fast.
You are covered in fur. (AC +1)
You have tough skin. (AC +1)


Message History

You sock the gnoll!
The gnoll is severely wounded.
The gnoll hits you with a +0 spear. The gnoll closely misses you.
You barely miss the gnoll.
The gnoll is severely wounded.
The gnoll hits you with a +0 spear.
You closely miss the gnoll.
The gnoll is severely wounded.
The gnoll hits you with a +0 spear!
You hit the gnoll.
The gnoll is severely wounded.
The gnoll closely misses you. The gnoll barely misses you.
You hit the gnoll but do no damage.
The gnoll is severely wounded.
The gnoll hits you with a +0 spear.
You hit the gnoll.
The gnoll is almost dead.
The gnoll closely misses you.
You thump the gnoll!
You kill the gnoll!
The Council accepts your kill.
You hit the gnoll.
The gnoll is moderately wounded.
The gnoll hits you with a +2 whip of venom.
You are poisoned.
You barely miss the gnoll.
The gnoll is moderately wounded.
You feel very sick. The gnoll barely misses you.
The gnoll hits you with a +2 whip of venom!
You are more poisoned.
You hit the gnoll.
The gnoll is heavily wounded.
You feel extremely sick.
The gnoll hits you with a +2 whip of venom!
* * * LOW HITPOINT WARNING * * *
You are more poisoned.
You hit the gnoll.
The gnoll is almost dead.
You die...

#.##.......# #.##.##.#
####.##.....>)# #.#..##.#
.....##.<.....# #.#.###.#
.######......<###.......# .#
#..........##.##### .#
#.#####.##.##.# .#
#.......##)##.## .#
##########g#...# .# #######.##
#@##.## .# #........## #.##.# ###
.# #.###.....###.##.# ##.###
.###.##..........##.########.....
)....#.......^......#...........#
#######.......######...#####.....
#### ##.....## #.###.# #.....
...# ##...## #.# #.# #..#.# .#.#
##.## #.###.# #.....


You could see a gnoll.

Vanquished Creatures
  3 gnolls (D:2)
  3 dart slugs
  A ribbon worm (D:2)
  5 bats
  8 endoplasms
  3 goblins (D:1)
  6 hobgoblins
  4 jackals (D:1)
  4 kobolds (D:2)
  2 quokkas (D:2)
  2 ball pythons (D:1)
  9 frilled lizards
  5 rats
55 creatures vanquished.

Notes
Turn   | Place    | Note
-------+----------+-------------------------------------------
     0 | D:1      | Marvel the Troll Warper began the quest for the Orb.
     0 | D:1      | Reached XP level 1. HP: 19/19 MP: 1/1
    79 | D:1      | Reached skill level 2 in Maces & Flails
   170 | D:1      | Reached XP level 2. HP: 21/27 MP: 2/2
   180 | D:1      | Learned a level 2 spell: Blink
   286 | D:1      | Reached skill level 1 in Throwing
   521 | D:1      | Reached XP level 3. HP: 30/35 MP: 3/3
   945 | D:2      | Found Bakap's Antique Armour Boutique.
  1072 | D:2      | Found a faded altar of an unknown god.
  1084 | D:2      | Prayed at the altar of an unknown god.
  1084 | D:2      | Became a worshipper of the Wu Jian Council
  1084 | D:2      | Reached * piety under Wu Jian
  1451 | D:2      | Reached XP level 4. HP: 40/42 MP: 4/4
  1455 | D:2      | Reached skill level 3 in Maces & Flails
  2168 | D:2      | Succumbed to a gnoll's poison

Illustrated notes

Levels and vault maps discovered:
D:1:      minmay_arrival_four_loops, layout_basic
D:2:      layout_loops_cross, serial_shops, shop, basic_ecumenical_altar,
          minmay_increasing_density
D:3:      layout_loops_corners, mainiacjoe_overflow_catwalk, fedhas_altar_2,
          grunt_temple_overflow_open, serial_shops, shop

Skill      XL: |  1  2  3  4 |
---------------+-------------+-----
Maces & Flails | 2 3 |  3.1
Dodging        | 2 |  2.4
Throwing       | 1 |  1.0
Fighting       | 2 |  2.0
Stealth        | |  0.3
Spellcasting   | |  1.2
Translocations | |  2.3

Action                     |  1- 3 |  4- 6 || total
---------------------------+-------+-------++-------
  Melee: Mace              |   180 |    24 ||   204
         Punch             |     2 |       ||     2
  Throw: Dart              |       |     1 ||     1
Ability: Whirlwind         |     5 |       ||     5
         Lunge             |       |     1 ||     1
    Use: Potion            |       |     2 ||     2
         Scroll            |       |     1 ||     1
   Stab: Sleeping          |     2 |       ||     2
 Armour: Robe              |   168 |    24 ||   192
  Dodge: Dodged            |   117 |    18 ||   135
